 Dungeon Crawl Stone Soup version 0.31-a0-188-g5e087ee2ca (webtiles) character file.

Game seed: 12325265610620265219

53 qw the Shooter (level 3, -5/20 HPs)
             Began as a Deep Elf Hunter on June 23, 2023.
             Killed by divine providence
             ... invoked by an orc priest
              (13 damage)
             ... on level 3 of the Dungeon.
             The game lasted 00:00:30 (1387 turns).

qw the Shooter (Deep Elf Hunter)                    Turns: 1387, Time: 00:00:31

Health: -5/20      AC:  6    Str: 10    XL:     3   Next: 62%
Magic:  5/5        EV: 11    Int: 13    God:
Gold:   49         SH:  5    Dex: 18    Spells: 2/2 levels left

rFire   . . .        Y - +1 shortbow
rCold   . . .        (shield currently unavailable)
rNeg    . . .        a - +0 ring mail
rPois   .            (no helmet)
rElec   .            (no cloak)
rCorr   .            h - +0 pair of gloves
SInv    +            (no boots)
Will    .....        e - amulet of reflection
Stlth   +            g - ring of see invisible
HPRegen 0.23/turn    (no ring)
MPRegen 0.09/turn

%: reflection
@: no status effects
A: no striking features
a: no special abilities


You were on level 3 of the Dungeon.
You visited 1 branch of the dungeon, and saw 3 of its levels.

You collected 73 gold pieces.
You spent 24 gold pieces at shops.


   Skills:
 - Level 1.5 Fighting
 + Level 7.1 Ranged Weapons
 - Level 2.4 Dodging
 - Level 1.2 Stealth


You had 2 spell levels left.
You didn't know any spells.
Your spell library was empty.

Inventory:

Hand Weapons
 Y - a +1 shortbow (weapon)
Armour
 a - a +0 ring mail (worn)
 h - a +0 pair of gloves (worn)
Jewellery
 e - an amulet of reflection (around neck)
 g - a ring of see invisible (left hand)
Scrolls
 b - a scroll of identify
Potions
 d - a potion of curing {unknown}
 f - a potion of cancellation
 i - a potion of haste {unknown}
 j - a potion of attraction {unknown}

Dungeon Overview and Level Annotations

Branches:
Dungeon (3/15)

Altars:

Shops:
D:1 *


Message History

What level of the Dungeon? (default 1, ? - help)
There is a stone staircase leading down here.
You climb downwards.
There is a stone staircase leading up here.
Waypoint 2 assigned to D:3.
Found a ring mail.
Found an escape hatch in the floor.
An endoplasm comes into view.
You shoot an arrow. The arrow hits the endoplasm!
You kill the endoplasm!
Found a leather armour.
An orc priest comes into view. It is wielding a +0 hand axe.
You shoot an arrow. The arrow hits the orc priest.
The orc priest is moderately wounded.
An orc comes into view. It is wielding a +0 falchion.
You shoot an arrow. The arrow hits the orc.
The orc is heavily wounded.
You shoot an arrow.
The arrow hits the orc but does no damage.
The orc is heavily wounded.
The orc priest casts a cantrip, but nothing happens.
You shoot an arrow.
The arrow hits the orc but does no damage.
The orc is heavily wounded.
You shoot an arrow. The arrow hits the orc!
You kill the orc!
The orc priest invokes the aid of Beogh against you.
Pain shoots through your body!
Ouch! That really hurt!
You shoot an arrow. The arrow hits the orc priest.
The orc priest is heavily wounded.
The orc priest looks satisfied for a moment.
You shoot an arrow. The arrow hits the orc priest.
The orc priest is almost dead.
You shoot an arrow.
The arrow closely misses the orc priest.
The orc priest looks encouraged for a moment.
The orc priest mumbles some strange prayers to Beogh against you.
Beogh smites you!
Ouch! That really hurt!
You die...

.# .# ###.#####
########.......# #
#..............#
##.########.######.#####..
..........#.####....[..#
#.....<...#.##.....###.#
#..######...##.#@#.#
#.####..)..# #.# #.#o#.#
#.# #.....# ..[ ...#.##
##. ##.. ## > #.. .# ...


You could see an orc priest.

Vanquished Creatures
  An adder (D:2)
  A worm (D:2)
  An orc (D:3)
  3 endoplasms
  3 giant cockroaches
  4 goblins (D:1)
  A hobgoblin (D:1)
  6 jackals
  A quokka (D:1)
  5 ball pythons
  3 bats (D:1)
  6 kobolds
  3 rats
38 creatures vanquished.

Notes
Turn   | Place    | Note
-------+----------+-------------------------------------------
     0 | D:1      | qw the Deep Elf Hunter began the quest for the Orb.
     0 | D:1      | Reached XP level 1. HP: 12/12 MP: 3/3
     0 | D:1      | 0 ||| qw: Version: 0.3-a-9-g12657ce
     0 | D:1      | 0 ||| qw: Game counter: 3179
     0 | D:1      | 0 ||| qw: Always use a shield: true
     0 | D:1      | 0 ||| qw: God list: Okawaru
     0 | D:1      | 0 ||| qw: Allow faded altars: false
     0 | D:1      | 0 ||| qw: Do Orc after D:15 true
     0 | D:1      | 0 ||| qw: Do second Lair branch before Depths: true
     0 | D:1      | 0 ||| qw: Lair rune preference: random
     0 | D:1      | 0 ||| qw: Plans: Normal
     0 | D:1      | 0 ||| PLANNING D:1-11
   219 | D:1      | Reached XP level 2. HP: 16/16 MP: 4/4
   241 | D:1      | Reached skill level 6 in Ranged Weapons
   459 | D:1      | Found Emeyg's Assorted Antiques.
   464 | D:1      | 464 ||| BUYING fizzy pink potion (24 gold).
   464 | D:1      | Bought a fizzy pink potion for 24 gold pieces
   464 | D:1      | 464 ||| SHOPLISTING fuming coppery potion (24 gold, have
                  | 6).
   464 | D:1      | 464 ||| SHOPLISTING ring mail (108 gold, have 6).
   464 | D:1      | 464 ||| SHOPLISTING scroll labelled FIPARU MOCEPUEDORR (27
                  | gold, have 6).
   464 | D:1      | 464 ||| SHOPLISTING scroll labelled UKYNNAO NIEMPA (27
                  | gold, have 6).
   464 | D:1      | 464 ||| SHOPLISTING scroll labelled VUPYENA MUHACW (27
                  | gold, have 6).
   721 | D:1      | 721 ||| UPGRADING to amulet of reflection.
   726 | D:1      | 726 ||| READING scroll labelled MIPTICLAPSA.
   727 | D:1      | 727 ||| READING scroll labelled VUPYENA MUHACW.
   756 | D:1      | 756 ||| READING scroll labelled ERIUQE CUZXAW.
   757 | D:1      | 757 ||| READING scroll labelled RUAVEC ETIFO.
   758 | D:1      | 758 ||| DRINKING 2 fizzy pink potions.
   759 | D:1      | 759 ||| DROPPING scroll of butterflies.
   870 | D:2      | Reached XP level 3. HP: 20/20 MP: 5/5
  1137 | D:2      | Reached skill level 7 in Ranged Weapons
  1332 | D:2      | 1332 ||| UPGRADING to +0 ring mail.
  1342 | D:2      | 1342 ||| DROPPING +0 leather armour.
  1343 | D:2      | 1343 ||| UPGRADING to +0 pair of gloves.
  1348 | D:2      | 1348 ||| UPGRADING to ring of see invisible.
  1349 | D:2      | 1349 ||| READING 2 scrolls labelled AVIOSINEDO.
  1387 | D:3      | Killed from afar by an orc priest

Levels and vault maps discovered:
D:1:      lemuel_arrival_muddy, layout_basic, serial_shops,
          nicolae_shop_rolling_square
D:2:      layout_basic
D:3:      layout_loops_ring, hellmonk_ecumenical_altar_inner_sanctum,
          serial_bayou_pond_a, chequers_arboretum, minmay_cupped, uniq_robin

Skill      XL: |  1  2  3 |
---------------+----------+-----
Ranged Weapons | 6 7 |  7.1
Fighting       | |  1.5
Dodging        | |  2.4
Stealth        | |  1.2

Action                     || total
---------------------------++-------
   Fire: Shortbow          ||   104
    Use: Scroll            ||     5
         Potion            ||     1
 Armour: Leather armour    ||     7
  Dodge: Dodged            ||    27
  Block: Other             ||     4

Table legend:
 A = Non-vault XP
 B = Vault XP
 C = Vault XP percentage of total XP
 D = Non-vault monster count
 E = Vault monster count
 F = Vault count percentage of total count
                 A         B        C        D         E       F
            +---------+---------+-------+---------+---------+-------
      Total |      76 |       0 |   0.0 |      38 |       0 |   0.0
            +---------+---------+-------+---------+---------+-------
        D:1 |      32 |       0 |   0.0 |      21 |       0 |   0.0
        D:2 |      39 |       0 |   0.0 |      15 |       0 |   0.0
        D:3 |       5 |       0 |   0.0 |       2 |       0 |   0.0
            +---------+---------+-------+---------+---------+-------
